Map: Arctic Flowers LE

Players

Thatllama - Winner!

  • Race: Protoss Protoss
  • Spawn Location: 1:00

poo

  • Race: Terran Terran
  • Spawn Location: 7:00

Stoogers

  • Race: Protoss Protoss
  • Spawn Location: 7:00

Zarlon - Winner!

  • Race: Zerg Zerg
  • Spawn Location: 1:00

VOD

Have the link to the VOD?

Description

Time

  • Played on: Jan. 5, 2026, 6:24 p.m.
  • Length: 19:02
Show
View Real Time Build Order
Export as new Build Order

Thatllama Protoss - Winner!

Build Orders:  

Get SALT Encoding   

  12  0:19  Probe  
  12  0:20  Pylon  
  12  0:23  Pylon  
  13  0:40  Gateway  
  13  0:42  Probe  
  14  0:54  Probe  
  15  1:02  Assimilator  
  15  1:06  Probe  
  16  1:35  Cybernetics Core  
  16  1:40  Cybernetics Core  
  16  1:47  Probe  
  16  1:49  Assimilator  
  17  1:55  Probe  
  18  2:04  Nexus  
  18  2:31  Stargate  
  18  2:33  Probe  
  19  2:41  Probe  
  19  2:51  Probe  
  21  3:03  Probe  
  22  3:07  Pylon  
  22  3:10  Void Ray  
  22  3:15  Probe  
  27  3:24  Probe  
  27  3:33  Probe  
  29  3:42  Protoss Air Weapons Level 1  
  29  3:45  Probe  
  30  3:53  Protoss Air Armor Level 1  
  30  3:55  Assimilator  
  30  4:00  Probe  
  31  4:03  Void Ray  
  35  4:12  Probe  
  36  4:24  Probe  
  37  4:39  Stargate  
  37  4:45  Probe  
  38  4:53  Probe  
  39  5:01  Void Ray  
  39  5:03  Probe  
  39  5:04  Nexus  
  44  5:15  Probe  
  45  5:41  Void Ray  
  53  5:46  Void Ray  
  53  6:06  Pylon  
  53  6:10  Fleet Beacon, Pylon  
  53  6:14  Pylon  
  54  6:18  Probe  
  54  6:20  Assimilator  
  54  6:26  Probe  
  54  6:30  Probe  
  56  6:34  Probe  
  57  6:42  Probe  
  57  6:44  Probe  
  59  7:55  Void Ray  
  59  7:59  Tempest  
  63  8:09  Probe  
  67  8:18  Probe, Flux Vanes  
  68  8:22  Carrier  
  68  8:26  Stargate  
  69  8:27  Probe  
  69  8:28  Stargate  
  70  8:39  Probe  
  77  8:49  Probe  
  77  8:52  Assimilator  
  78  8:57  Probe  
  83  9:07  Void Ray  
  83  9:17  Forge, Protoss Air Armor Level 2  
  83  9:26  Protoss Air Weapons Level 2  
  83  9:33  Assimilator  
  83  9:44  Pylon  
  83  9:45  Void Ray x2, Pylon  
  91  9:47  Probe, Protoss Shields Level 1  
  92  9:55  Probe  
  92  9:57  Void Ray  
  97  10:29  Nexus  
  97  10:55  Unknown  
  97  11:01  Void Ray  
  109  11:12  Void Ray x2  
  109  11:36  Nexus  
  109  11:44  Tempest  
  113  11:49  Tempest x2  
  121  12:01  Protoss Air Weapons Level 3  
  121  12:08  Probe  
  121  12:12  Protoss Air Armor Level 3  
  122  12:16  Probe  
  122  12:19  Pylon  
  122  12:21  Pylon  
  123  12:23  Pylon  
  123  12:25  Pylon  
  123  12:26  Probe  
  123  12:28  Pylon  
  124  12:30  Twilight Council  
  124  12:31  Pylon  
  124  12:34  Pylon  
  124  12:37  Pylon  
  132  12:54  Mothership  
  132  13:04  Void Ray  
  132  13:05  Void Ray x2  
  132  13:47  Void Ray  
  132  13:48  Void Ray x2  
  144  13:59  Probe  
  145  14:05  Probe  
  145  14:07  Probe  
  145  14:08  Assimilator  
  146  14:14  Probe  
  146  14:15  Carrier x2  
  146  14:16  Protoss Shields Level 2  
  146  14:17  Probe  
  147  14:18  Carrier  
  147  14:23  Probe  
  149  14:29  Probe  
  169  14:50  Assimilator  
  169  14:55  Nexus  
  176  16:21  Void Ray  
  176  16:22  Void Ray x2  
Show
View Real Time Build Order
Export as new Build Order

poo Terran 

Build Orders:  

Get SALT Encoding   

  12  0:01  SCV  
  13  0:13  SCV  
  14  0:19  Supply Depot  
  14  0:25  SCV  
  15  0:31  Refinery  
  15  0:40  SCV  
  16  0:47  Barracks  
  16  0:59  SCV  
  16  1:01  Supply Depot  
  17  1:05  Refinery  
  17  1:11  SCV  
  18  1:23  SCV  
  19  1:26  Supply Depot  
  19  1:36  Barracks  
  19  1:37  SCV  
  20  1:43  Barracks Tech Lab  
  20  1:53  Supply Depot  
  20  2:00  SCV  
  20  2:01  Engineering Bay  
  21  2:04  Concussive Shells  
  21  2:12  SCV  
  21  2:14  Marauder  
  24  2:24  SCV  
  25  2:34  Barracks Reactor  
  25  2:42  Marauder  
  25  2:43  Barracks  
  27  3:03  Refinery  
  27  3:16  Marine x2  
  29  3:32  Command Center  
  29  3:37  Factory  
  29  3:38  SCV  
  29  3:39  Marine  
  29  3:40  Marine  
  32  3:50  SCV  
  32  3:54  Barracks Reactor  
  33  3:57  Marine x2  
  35  4:06  SCV  
  36  4:18  SCV  
  37  4:27  Factory Tech Lab  
  37  4:32  Marine x2  
  37  4:33  Starport  
  37  4:35  Marine x2  
  41  4:47  SCV  
  41  4:48  SCV  
  43  4:59  SCV  
  44  5:00  SCV  
  45  5:09  Supply Depot x2  
  45  5:10  Refinery  
  45  5:11  SCV  
  45  5:12  SCV  
  45  5:13  Combat Shield  
  47  5:23  SCV  
  48  5:31  Siege Tank  
  48  5:33  Supply Depot  
  51  5:36  Starport Tech Lab  
  51  5:44  SCV  
  51  5:45  Orbital Command  
  51  5:46  Marine  
  51  5:47  Marine  
  51  5:48  Marine  
  55  5:56  SCV  
  56  6:00  Armory  
  56  6:07  Fusion Core  
  56  6:08  Supply Depot  
  56  6:12  Supply Depot  
  56  6:18  Supply Depot  
  56  6:54  Refinery  
  54  7:09  Command Center  
  49  7:59  Viking  
  51  8:07  Starport  
  51  8:14  Supply Depot  
  51  8:17  Supply Depot  
  51  8:18  SCV  
  51  8:19  SCV  
  53  8:24  Thor  
  59  8:29  Marine x2, Viking  
  59  8:30  Marine x2, SCV  
  59  8:31  Command Center  
  59  8:32  SCV, Marauder  
  59  8:34  Factory, Terran Vehicle Weapons Level 1  
  69  8:38  Terran Infantry Weapons Level 1  
  69  8:49  Supply Depot  
  69  8:53  Marauder  
  69  8:54  Supply Depot  
  71  9:07  SCV  
  71  9:09  Marine  
  72  9:10  Marine  
  72  9:11  Marine x2  
  76  9:18  Factory Tech Lab  
  76  9:19  SCV  
  76  9:20  Siege Tank  
  80  9:26  Refinery  
  80  9:32  SCV  
  80  9:33  SCV  
  82  9:40  Battlecruiser  
  82  9:44  Marine x4, SCV  
  93  9:45  SCV  
  93  9:50  SCV  
  95  9:56  SCV  
  95  9:58  SCV  
  97  10:02  SCV  
  98  10:14  SCV  
  98  10:17  Supply Depot  
  98  10:20  SCV  
  98  10:21  SCV, Supply Depot  
  99  10:28  Terran Vehicle And Ship Armor Level 1  
  99  10:32  SCV  
  99  10:33  SCV  
  89  10:49  Command Center  
  89  10:57  Siege Tank  
  89  10:58  Siege Tank, Marine  
  89  10:59  Marine x3  
  89  11:01  Marauder  
  89  11:02  Starport Tech Lab  
  101  11:09  Supply Depot  
  101  11:11  Supply Depot  
  101  11:12  Supply Depot  
  101  11:32  Battlecruiser  
  107  11:33  Viking  
  109  11:44  Starport  
  103  12:03  Viking  
  105  12:13  SCV  
  105  12:14  SCV  
  105  12:15  SCV  
  108  12:23  Terran Ship Weapons Level 1  
  108  12:25  SCV  
  108  12:26  SCV  
  108  12:27  SCV  
  111  12:30  Terran Infantry Armor Level 1  
  111  12:33  Viking  
  111  12:36  Command Center  
  113  12:38  SCV  
  113  12:39  SCV  
  113  12:41  SCV  
  116  12:45  Marine  
  116  12:50  SCV  
  118  12:51  SCV  
  118  12:53  SCV  
  83  14:21  Thor  
  83  14:23  Viking  
  91  14:25  Battlecruiser  
  91  14:27  Marine x3  
  91  14:28  Marine  
  101  14:39  SCV  
  101  14:40  SCV  
  103  14:46  Marauder  
  103  14:51  SCV  
  103  14:52  SCV, Medivac  
  107  14:53  Viking  
  107  14:56  Terran Vehicle Weapons Level 2  
  107  14:59  Command Center  
  111  15:05  Terran Infantry Weapons Level 2  
  111  15:07  Marauder  
  113  15:22  Medivac  
  113  15:26  Viking  
  117  15:47  Supply Depot  
  117  15:49  Supply Depot  
  117  15:51  Supply Depot  
  117  15:56  Viking  
  119  16:16  SCV  
  120  16:22  Refinery  
  120  16:23  Refinery  
  120  16:25  SCV  
  121  16:26  SCV  
  121  16:28  SCV  
  121  16:29  Marine x3  
  121  16:30  Marine  
  121  16:31  Thor  
  133  16:34  Thor  
  133  16:36  Viking  
  133  16:37  SCV  
  133  16:38  SCV  
  143  16:40  SCV  
  141  17:04  Marine x4  
  66  18:18  Thor  
  66  18:19  Marine x2  
  55  18:20  Marine x2  
  55  18:21  Marauder  
Show
View Real Time Build Order
Export as new Build Order

Stoogers Protoss 

Build Orders: Carriers 

Get SALT Encoding   

  12  0:00  Probe  
  13  0:12  Probe  
  14  0:19  Pylon  
  14  0:24  Probe  
  15  0:37  Probe  
  15  0:40  Gateway  
  16  0:49  Probe, Assimilator  
  17  0:56  Assimilator  
  17  1:01  Probe  
  18  1:06  Pylon  
  18  1:13  Probe  
  20  1:25  Probe  
  20  1:30  Cybernetics Core  
  20  1:37  Probe  
  21  1:40  Zealot  
  23  1:47  Warp Gate  
  23  1:49  Probe  
  24  1:54  Pylon  
  24  2:02  Probe  
  24  2:07  Zealot  
  27  2:14  Probe  
  28  2:28  Probe  
  28  2:29  Gateway  
  29  2:31  Stalker  
  31  2:40  Probe  
  32  2:52  Probe  
  33  3:02  Zealot  
  33  3:04  Probe  
  35  3:35  Nexus  
  35  3:46  Pylon  
  35  3:49  Probe, Pylon  
  35  3:53  Assimilator  
  35  3:54  Stalker  
  38  3:59  Assimilator  
  38  4:01  Probe  
  37  4:11  Stalker  
  39  4:23  Probe  
  40  4:24  Pylon  
  40  4:29  Pylon  
  40  4:35  Probe  
  41  4:40  Twilight Council  
  41  4:42  Forge  
  41  4:45  Pylon  
  41  4:47  Probe  
  41  4:49  Probe  
  43  4:57  Stalker  
  43  4:59  Probe  
  46  5:02  Probe  
  47  5:11  Protoss Ground Weapons Level 1, Gateway  
  47  5:16  Gateway, Charge  
  47  5:31  Zealot  
  47  5:34  Probe  
  47  5:35  Probe  
  51  5:47  Probe, Pylon  
  51  5:48  Probe  
  53  5:59  Probe  
  53  6:00  Probe  
  55  6:15  Pylon  
  55  6:18  Pylon  
  55  6:25  Probe  
  55  6:26  Probe  
  57  6:38  Probe x2  
  59  6:50  Probe  
  59  6:52  Nexus  
  60  6:54  Assimilator  
  60  6:55  Stalker  
  60  6:56  Stalker x3  
  60  6:58  Assimilator  
  56  7:02  Protoss Ground Armor Level 1  
  46  7:20  Stalker x3  
  46  7:21  Stalker  
  46  7:42  Probe x2  
  48  7:54  Probe x2  
  50  8:06  Stargate, Probe  
  50  8:07  Stargate  
  50  8:10  Probe x2  
  50  8:12  Stalker x2  
  57  8:13  Stalker x2  
  57  8:18  Probe  
  62  8:22  Probe x2  
  64  8:30  Probe  
  65  8:35  Gateway x2  
  65  8:37  Gateway  
  65  8:40  Probe x2, Protoss Air Armor Level 1  
  67  8:42  Probe  
  68  8:52  Probe x2  
  68  8:54  Templar Archives  
  68  8:55  Probe  
  71  8:59  Fleet Beacon  
  71  9:04  Protoss Shields Level 1  
  71  9:12  Pylon  
  71  9:15  Zealot x3, Pylon  
  77  9:18  Pylon  
  77  9:22  Zealot  
  79  9:29  Probe x2  
  79  9:30  Probe  
  82  9:41  Probe x2  
  82  9:42  Probe  
  85  9:53  Probe  
  85  9:54  Probe x2, Nexus  
  85  9:56  Assimilator  
  88  10:00  Assimilator  
  88  10:01  Psionic Storm  
  88  10:08  High Templar x5  
  88  10:09  High Templar x2  
  100  10:49  Protoss Air Weapons Level 1  
  100  10:59  Stalker x3  
  100  11:00  Zealot x2  
  109  11:05  Protoss Ground Weapons Level 2  
  107  11:28  Carrier x2  
  119  11:39  Probe  
  120  11:40  Probe x2  
  120  11:42  Nexus  
  120  11:45  Assimilator  
  122  11:51  Probe  
  122  11:52  Probe  
  122  11:53  Probe  
  125  12:14  Stargate  
  125  12:18  Robotics Facility x2  
  125  12:24  Pylon  
  125  12:28  Pylon x2, Zealot x3  
  125  12:29  High Templar x3  
  137  12:31  Pylon  
  137  12:32  Pylon, Tempest x2  
  137  12:35  Pylon  
  145  12:42  Pylon  
  145  12:45  Pylon  
  145  12:52  Probe x2  
  145  12:54  Probe x2  
  149  13:03  Adept x4  
  149  13:04  Adept, Probe x2  
  161  13:06  Probe  
  162  13:15  Carrier x2  
  162  13:19  High Templar x2  
  178  13:30  Protoss Ground Armor Level 2  
  152  13:48  High Templar x2  
  152  13:49  Stalker x2  
  152  13:50  Stalker  
  152  13:54  Carrier  
  168  14:09  Probe x4  
  172  14:19  Carrier  
  172  14:23  Nexus  
  182  14:25  Void Ray  
  182  14:26  Immortal x2  
  182  14:27  Assimilator  
  182  14:31  Assimilator  
  190  14:33  Stalker  
  190  14:34  Zealot x2  
  190  14:35  Zealot  
  198  14:45  Robotics Bay  
  198  15:27  Carrier  
  193  15:54  Protoss Shields Level 2  
  193  16:06  Phoenix x2  
  197  16:17  Nexus  
  197  16:20  Assimilator  
  197  16:31  Phoenix  
  197  16:56  Phoenix  
  105  17:09  Stalker x3  
  105  17:10  Stalker x4  
  105  17:14  Carrier x2  
  107  17:21  Carrier  
  110  17:36  Stalker x3  
  110  17:37  Stalker x3  
  105  17:45  High Templar  
  107  18:03  Immortal  
  111  18:08  Stalker  
  111  18:11  Zealot  
  111  18:12  Zealot x2  
  113  18:18  Tempest  
Show
View Real Time Build Order
Export as new Build Order

Zarlon Zerg - Winner!

Build Orders: Pool First 

Get SALT Encoding   

  12  0:07  Drone  
  12  0:09  Drone  
  14  0:17  Overlord  
  14  0:39  Drone x2  
  16  0:45  Spawning Pool  
  16  0:47  Extractor  
  14  0:55  Drone  
  14  0:56  Drone  
  16  1:04  Evolution Chamber  
  15  1:06  Drone  
  16  1:15  Drone  
  17  1:31  Queen  
  19  1:37  Extractor  
  18  1:41  Roach Warren  
  17  1:51  Zergling x4  
  17  1:52  Zergling x2  
  20  2:00  Metabolic Boost  
  20  2:04  Overlord  
  20  2:31  Zergling x4  
  20  2:37  Lair  
  22  2:42  Drone  
  22  2:43  Drone x3  
  25  3:33  Roach x2  
  29  3:36  Zergling x2  
  29  3:38  Overlord x3  
  29  4:23  Glial Reconstitution  
  29  4:29  Hatchery, Roach x4  
  36  4:41  Drone x2  
  38  4:59  Drone x4  
  42  5:03  Burrow  
  42  5:34  Extractor  
  41  5:36  Extractor  
  40  5:56  Hydralisk Den  
  39  6:02  Queen  
  41  6:05  Drone x3  
  44  6:19  Overlord x6  
  44  6:23  Pneumatized Carapace  
  44  6:26  Muscular Augments  
  44  6:30  Drone x2  
  34  7:37  Roach x4  
  34  7:38  Roach x2  
  42  7:56  Zerg Missile Weapons Level 1  
  42  7:59  Roach  
  42  8:00  Roach  
  42  8:04  Roach x3  
  52  8:11  Tunneling Claws  
  52  8:14  Grooved Spines  
  52  8:16  Roach  
  54  8:29  Roach x2  
  54  8:30  Roach x2  
  62  8:34  Drone x3  
  65  8:54  Hatchery  
  64  8:56  Roach x2  
  64  9:01  Roach x3  
  74  9:09  Overlord  
  74  9:20  Drone x2  
  74  9:21  Drone x4  
  80  9:53  Infestation Pit  
  80  9:55  Hydralisk x6  
  79  10:58  Roach x3  
  79  10:59  Roach  
  79  11:02  Hydralisk x3  
  79  11:03  Hydralisk x2  
  93  11:29  Queen  
  95  11:35  Drone x3  
  95  11:37  Roach x9  
  95  11:38  Roach x4  
  98  11:45  Hydralisk x4  
  98  11:46  Hydralisk x2  
  110  11:50  Overlord  
  110  11:51  Overlord x4  
  110  12:07  Zerg Ground Armor Level 1  
  110  12:11  Hive  
  110  12:18  Drone  
  110  12:19  Drone x4  
  115  12:24  Drone x3  
  118  12:51  Drone x4  
  122  12:59  Extractor  
  122  13:02  Extractor, Drone x5  
  88  14:00  Spore Crawler  
  88  14:01  Queen  
  86  14:03  Hydralisk x4  
  86  14:04  Hydralisk x4  
  86  14:08  Hydralisk x5  
  86  14:09  Hydralisk  
  108  14:10  Hydralisk x10  
  108  14:15  Roach x7  
  105  14:21  Spore Crawler  
  104  14:30  Drone x4  
  104  14:31  Drone  
  109  14:50  Drone x2  
  109  14:52  Overlord  
  111  14:55  Zerg Melee Weapons Level 1  
  111  15:02  Hydralisk x6  
  123  15:34  Ultralisk Cavern  
  122  15:40  Roach x4  
  122  15:41  Roach  
  132  16:01  Unknown  
  132  16:23  Ultralisk x5  
  132  16:24  Chitinous Plating  
  168  16:33  Ultralisk  
  168  16:35  Overlord x2  
  168  17:33  Overlord x5  
  168  17:43  Anabolic Synthesis  
Tags
 
Add a new tag
Caveats
  • Supply blocks, unpowered buildings, or Contaminate may cause inaccurate times.
  • Supply counts are checked every 10 seconds.